 Dungeon Crawl Stone Soup version 0.27.1-33-g824d729ab1 (webtiles) character file.

Game seed: 10603057621360575075

11 spaced the Stinger (level 2, -1/15 HPs)
             Began as a Deep Elf Venom Mage on Dec 13, 2021.
             Was an Initiate of Fedhas.
             Slain by an adder (4 damage)
             ... on level 2 of the Dungeon.
             The game lasted 00:02:13 (369 turns).

spaced the Stinger (Deep Elf Venom Mage)             Turns: 369, Time: 00:02:13

Health: -1/15      AC:  2    Str:  5    XL:     2   Next: 17%
Magic:  6/8        EV: 12    Int: 19    God:    Fedhas [......]
Gold:   6          SH:  0    Dex: 15    Spells: 6/7 levels left

rFire    . . .     SeeInvis .   b - staff of earth
rCold    . . .     Faith    .   (no shield)
rNeg     . . .     Spirit   .   a - +0 robe
rPois    .         Reflect  .   (no helmet)
rElec    .         Harm     .   (no cloak)
rCorr    .         Rampage  .   (no gloves)
Will     .....                  (no boots)
Stlth    ++........             (no amulet)
HPRegen  0.05/turn              (no ring)
MPRegen  0.11/turn              (no ring)

@: no status effects
A: no striking features
a: Renounce Religion


You were on level 2 of the Dungeon.
You worshipped Fedhas.
Fedhas was noncommittal.
You visited 1 branch of the dungeon, and saw 2 of its levels.

You collected 6 gold pieces.

Inventory:

Armour
 a - a +0 robe (worn)
Magical Staves
 b - a staff of earth (weapon)
Scrolls
 c - a scroll of fog {unknown}


   Skills:
 + Level 2.5 Dodging
 + Level 2.5 Stealth
 + Level 3.2 Spellcasting
 + Level 1.1 Transmutations
 + Level 3.7 Poison Magic


You had 6 spell levels left.
You knew the following spells:

 Your Spells              Type           Power      Damage    Failure   Level
a - Sting                 Tmut/Pois      48%        1d5       5%          1

Your spell library contained the following spells:

 Spells                   Type           Power      Damage    Failure   Level
 Poisonous Vapours        Pois/Air       20%        N/A       11%         2
 Mephitic Cloud           Conj/Pois/Air  7%         N/A       26%         3
 Olgreb's Toxic Radiance  Pois           17%        N/A       30%         4


Dungeon Overview and Level Annotations

Branches:
Dungeon (1/15)

Altars:
Fedhas


Message History

Confirm with . or Enter, or press ? or * to list all spells.
Aiming: Sting (safe; 5% risk of failure)
Press: ? - help, Shift-Dir - straight line, f/p - adder
Aim: an adder (53% to hit)
The sting misses the adder.
The adder barely misses you. The ball python barely misses you.
The ball python grabs you. The ball python constricts you.
Casting: Sting (safe; 5% risk of failure)
Confirm with . or Enter, or press ? or * to list all spells.
Aiming: Sting (safe; 5% risk of failure)
Press: ? - help, Shift-Dir - straight line, f - ball python, p - adder
Aim: a ball python (constricting you, 68% to hit)
The sting hits the ball python.
The ball python is poisoned.
You kill the ball python!
Fedhas appreciates your contribution to the ecosystem.
The adder bites you.
Casting: Sting (safe; 5% risk of failure)
Confirm with . or Enter, or press ? or * to list all spells.
Aiming: Sting (safe; 5% risk of failure)
Press: ? - help, Shift-Dir - straight line, f - kobold
Aim: a kobold, wielding a +0 club (64% to hit)
The sting misses the kobold.
The adder bites you.
You are poisoned.
The adder poisons you! The kobold hits you with a +0 club.
You feel sick. The adder closely misses you.
There is a stone staircase leading down here.
You feel sick.
A hobgoblin comes into view.
You feel sick.
The hobgoblin shouts!
You feel sick.
You are no longer poisoned.
The adder barely misses you. The adder misses you. The adder barely misses you.
The adder barely misses you. The adder bites you.
You die...
Fedhas appreciates your contribution to the ecosystem.

#...K....#.# # ###....
###..##..#.. ..#....
#.g##..### #...... #......#
###.... #.####.##.######.#
........ #......g.........#.
###....
...######..########.###.....
#.S######.....#..(..
##..@...##.#...#.....
#....##.##.#.###.....
#..............#.....
#..............#.#...
#.........†......#..(
#.....####.......#...
....##.# #.###....... #####
#.# #.# #.#.#... #.# #.#
#.#.#...


You could see an adder and a hobgoblin.

Vanquished Creatures
  An adder (D:2)
  A hobgoblin (D:2)
  A ball python (D:2)
  A rat (D:1)
4 creatures vanquished.

Notes
Turn   | Place    | Note
-------+----------+-------------------------------------------
     0 | D:1      | spaced the Deep Elf Venom Mage began the quest for the Orb.
     0 | D:1      | Reached XP level 1. HP: 10/10 MP: 6/6
   133 | D:1      | You fall into a shaft and drop 1 floor!
   133 | D:2      | Found a blossoming altar of Fedhas.
   144 | D:2      | Became a worshipper of Fedhas Madash
   251 | D:2      | Reached XP level 2. HP: 15/15 MP: 5/8
   369 | D:2      | Slain by an adder

Illustrated notes

Levels and vault maps discovered:
D:1:      saegor_arrival_under_anarchy, layout_basic, basic_ecumenical_altar
D:2:      layout_basic, basic_altar, hangedman_feature_mirror,
          cheibrodos_gnoll_hut

Action                   || total
-------------------------++-------
Melee: Unarmed           ||     1
 Cast: Sting             ||     9
Dodge: Dodged            ||     7
